 Dungeon Crawl Stone Soup version 0.31.0-11-ge490571c62 (webtiles) character file.

Game seed: 9805658329018001368

110 Ashen the Sneak (level 4, -6/32 HPs)
             Began as a Gnoll Enchanter on Feb 5, 2024.
             Mangled by an ogre (18 damage)
             ... on level 4 of the Dungeon.
             The game lasted 00:06:41 (3067 turns).

Ashen the Sneak (Gnoll Enchanter)                   Turns: 3067, Time: 00:06:41

Health: -6/32      AC:  5    Str:  7    XL:     4   Next: 91%
Magic:  11/20      EV: 13    Int: 14    God:
Gold:   141        SH:  0    Dex: 15    Spells: 2/13 levels left

rFire   . . .        a - +1 dagger
rCold   . . .        (no shield)
rNeg    + . .        q - +2 leather armour {rN+}
rPois   .            (no helmet)
rElec   .            (no cloak)
rCorr   +            (no gloves)
SInv    .            (no boots)
Will    +....        o - amulet of regeneration
Stlth   +++          k - ring of Kiraut {Will+ rCorr MP+9}
HPRegen 1.05/turn    (no ring)
MPRegen 0.17/turn

%: no passive effects
@: no status effects
A: fangs 1, strong nose, distributed training
a: no special abilities


You were on level 4 of the Dungeon.
You visited 1 branch of the dungeon, and saw 6 of its levels.

You collected 196 gold pieces.
You spent 55 gold pieces at shops.

Inventory:

Hand Weapons
 a - a +1 dagger (weapon)
Armour
 q - a +2 leather armour of positive energy (worn)
Jewellery
 k - the ring of Kiraut (left hand) {Will+ rCorr MP+9}
   (You found it on level 2 of the Dungeon)

   [ring of resist corrosion]

   Will+:     It increases your willpower.
   MP+9:      It affects your magic capacity (+9).
   rCorr:     It protects you from acid and corrosion.
 n - an amulet of magic regeneration
 o - an amulet of regeneration (around neck)
Scrolls
 d - a scroll of fog
 e - a scroll of noise {unknown}
 f - a scroll of fear
 g - 5 scrolls of teleportation
 h - 2 scrolls of enchant armour
 m - a scroll of immolation
 p - a scroll of identify
Potions
 c - 2 potions of invisibility
 i - a potion of curing
 j - a potion of mutation
 l - a potion of lignification


   Skills:
 + Level 1.3 Fighting
 + Level 2.9 Short Blades
 + Level 1.3 Long Blades
 + Level 1.3 Axes
 + Level 1.3 Maces & Flails
 + Level 1.3 Polearms
 + Level 1.3 Staves
 + Level 1.3 Ranged Weapons
 + Level 1.3 Throwing
 + Level 1.3 Armour
 + Level 4.7 Dodging
 + Level 6.1 Stealth
 + Level 1.3 Shields
 + Level 1.3 Unarmed Combat
 + Level 5.1 Spellcasting
 + Level 1.1 Conjurations
 + Level 5.5 Hexes
 + Level 1.1 Summonings
 + Level 1.1 Necromancy
 + Level 1.1 Translocations
 + Level 1.1 Fire Magic
 + Level 1.1 Ice Magic
 + Level 1.1 Air Magic
 + Level 1.1 Earth Magic
 + Level 1.1 Alchemy
 + Level 1.5 Invocations
 + Level 1.3 Evocations
 + Level 1.2 Shapeshifting


You had 2 spell levels left.
You knew the following spells:

 Your Spells              Type           Power      Damage    Failure   Level
a - Ensorcelled Hibernat  Hex/Ice        24%        N/A       10%         2
b - Confusing Touch       Hex            19%        N/A       8%          3
c - Tukima's Dance        Hex            19%        N/A       8%          3
d - Dazzling Flash        Conj/Hex       24%        N/A       19%         3

Your spell library contained the following spells:

 Spells                   Type           Power      Damage    Failure   Level


Dungeon Overview and Level Annotations

Branches:
Dungeon (6/15)
 Temple: D:4-7

Altars:
Hepliaklqana

Shops:
D:2 ?

Annotations:
D:3 4 runed translucent doors, Crazy Yiuf; phunky83's ghost, amateur DsGl


Innate Abilities, Weirdness & Mutations

You have very sharp teeth.
Your uncanny sense of smell can sniff out nearby items.
Your experience applies equally to all skills.


Message History

Aiming: Tukima's Dance (quite dangerous; 8% risk of failure)
Press: ? - help, Shift-Dir - straight line, f - ogre
Aim: an ogre, wielding a +0 giant spiked club (chance to affect: 51%)
The ogre resists with significant effort.
You feel sick.
Casting: Tukima's Dance (quite dangerous; 8% risk of failure)
Confirm with . or Enter, or press ? or * to list all spells.
Aiming: Tukima's Dance (quite dangerous; 8% risk of failure)
Press: ? - help, Shift-Dir - straight line, f/p - ogre
Aim: an ogre, wielding a +0 giant spiked club (chance to affect: 51%)
The +0 giant spiked club dances into the air!
You feel sick.
Casting: Tukima's Dance (quite dangerous; 8% risk of failure)
Confirm with . or Enter, or press ? or * to list all spells.
Aiming: Ensorcelled Hibernation (safe; 10% risk of failure)
Press: ? - help, Shift-Dir - straight line, f/p - ogre
Aim: an ogre (ally target, chance to affect: 46%)
The ogre looks drowsy...
You feel sick.
You feel sick.
Things that are here:
a +2 short sword of venom; 7 poisoned darts; a kobold corpse You feel sick.
The ogre shouts!
You hit the ogre. You punch the ogre.
The ogre is moderately wounded.
You feel sick.
An iguana comes into view.
The ogre hits you!
You hit the ogre.
The ogre is moderately wounded.
You feel sick.
You are no longer poisoned.
You hit the ogre.
The ogre is moderately wounded.
The ogre hits you.
You hit the ogre.
The ogre is moderately wounded.
The ogre hits you!!
Ouch! That really hurt!
You die...

##..#..##...
#.......#... .##
##...........
....#........l..# #
....#........#..#.
..............(##...
.............O.#..#
...........@..#..###
.....#...).>......#
###...##..#.#....#...
..... #..###...###..
#..##..###<.......
#..<.†..##.###.##.
#.....#.#....^.. .#
..... ###........ #
..## #.#.......


You could see an ogre (ally target), an iguana and a friendly +0 giant spiked
club.

Vanquished Creatures
  An orc priest (D:3)
  3 adders
  A dart slug (D:1)
  A ribbon worm (D:3)
  5 orcs (D:3)
  5 bats
  6 endoplasms
  A giant cockroach (D:1)
  A goblin (D:1)
  2 hobgoblins (D:1)
  A quokka (D:3)
  5 ball pythons
  8 frilled lizards
  6 kobolds
  2 rats (D:1)
48 creatures vanquished.

Notes
Turn   | Place    | Note
-------+----------+-------------------------------------------
     0 | D:1      | Ashen the Gnoll Enchanter began the quest for the Orb.
     0 | D:1      | Reached XP level 1. HP: 13/13 MP: 6/6
    63 | D:1      | Reached XP level 2. HP: 19/19 MP: 7/7
    66 | D:1      | Learned a level 2 spell: Ensorcelled Hibernation
   695 | D:1      | Reached skill level 5 in Spellcasting
   695 | D:1      | Reached XP level 3. HP: 21/25 MP: 3/9
   812 | D:1      | Learned a level 3 spell: Confusing Touch
   816 | D:1      | Learned a level 3 spell: Tukima's Dance
   820 | D:1      | Learned a level 3 spell: Dazzling Flash
  1061 | D:2      | Reached skill level 6 in Stealth
  1061 | D:2      | Reached skill level 1 in Invocations
  1276 | D:2      | Found Duiricvi's Magic Scroll Shop.
  1330 | D:2      | Identified the ring of Kiraut {Will+ rCorr MP+9}
  1593 | D:2      | Reached skill level 1 in Fighting
  1593 | D:2      | Reached skill level 1 in Long Blades
  1593 | D:2      | Reached skill level 1 in Axes
  1593 | D:2      | Reached skill level 1 in Maces & Flails
  1593 | D:2      | Reached skill level 1 in Polearms
  1593 | D:2      | Reached skill level 1 in Staves
  1593 | D:2      | Reached skill level 1 in Ranged Weapons
  1593 | D:2      | Reached skill level 1 in Throwing
  1593 | D:2      | Reached skill level 1 in Armour
  1593 | D:2      | Reached skill level 1 in Shields
  1593 | D:2      | Reached skill level 1 in Unarmed Combat
  1593 | D:2      | Reached skill level 1 in Evocations
  1920 | D:2      | Bought a scroll of teleportation for 33 gold pieces
  1920 | D:2      | Bought a scroll of identify for 22 gold pieces
  2031 | D:3      | You fall into a shaft and drop 3 floors!
  2034 | D:5      | Entered Level 5 of the Dungeon
  2146 | D:3      | Reached skill level 1 in Conjurations
  2146 | D:3      | Reached skill level 1 in Summonings
  2146 | D:3      | Reached skill level 1 in Necromancy
  2146 | D:3      | Reached skill level 1 in Translocations
  2146 | D:3      | Reached skill level 1 in Fire Magic
  2146 | D:3      | Reached skill level 1 in Ice Magic
  2146 | D:3      | Reached skill level 1 in Air Magic
  2146 | D:3      | Reached skill level 1 in Earth Magic
  2146 | D:3      | Reached skill level 1 in Alchemy
  2146 | D:3      | Reached skill level 1 in Shapeshifting
  2146 | D:3      | Reached XP level 4. HP: 32/32 MP: 11/11
  2211 | D:3      | Found a faded altar of an unknown god.
  2363 | D:3      | Found a runed translucent gate.
  2364 | D:3      | Found a runed translucent gate.
  2365 | D:3      | Found a runed translucent gate.
  2624 | D:3      | Found a runed translucent door.
  2625 | D:3      | Noticed Crazy Yiuf
  2821 | D:3      | Found a hazy altar of Hepliaklqana.
  2899 | D:3      | Noticed phunky83's ghost (amateur DsGl)
  3055 | D:4      | Noticed an ogre
  3067 | D:4      | Mangled by an ogre

Illustrated notes

Levels and vault maps discovered:
D:1:      evilmike_arrival_hilbert_curve, layout_basic, serial_forest,
          infiniplex_forest_lined_3_way, infiniplex_forest_clump_small,
          infiniplex_forest_zigzag_2, infiniplex_forest_end_3
D:2:      layout_basic, serial_shops, nicolae_shop_window_shopping,
          minmay_misc_feat_ornament
D:3:      layout_basic, mainiacjoe_overflow_surrounded_room,
          hellmonk_ecumenical_altar_crossroads, gammafunk_ghost_icy,
          uniq_crazy_yiuf_cottage
D:4:      layout_cave_pools, old_standard_altar, minmay_temple_entry_butterflies
D:5:      layout_loops_corners, grunt_temple_overflow_champion_of_chaos,
          nicolae_overflow_hidden_temple, mainiacjoe_overflow_24_doors,
          dk_noncrumbling_4, nicolae_shop_gadgets
D:6:      layout_loops_ring, minivault_22, hangedman_feature_mirror,
          grunt_ministairs_4

Skill      XL: |  1  2  3 |
---------------+----------+-----
Spellcasting   | 5 |  5.1
Stealth        | 6 |  6.1
Invocations    | 1 |  1.5
Fighting       | 1 |  1.3
Long Blades    | 1 |  1.3
Axes           | 1 |  1.3
Maces & Flails | 1 |  1.3
Polearms       | 1 |  1.3
Staves         | 1 |  1.3
Ranged Weapons | 1 |  1.3
Throwing       | 1 |  1.3
Armour         | 1 |  1.3
Shields        | 1 |  1.3
Unarmed Combat | 1 |  1.3
Evocations     | 1 |  1.3
Conjurations   | 1 |  1.1
Summonings     | 1 |  1.1
Necromancy     | 1 |  1.1
Translocations | 1 |  1.1
Fire Magic     | 1 |  1.1
Ice Magic      | 1 |  1.1
Air Magic      | 1 |  1.1
Earth Magic    | 1 |  1.1
Alchemy        | 1 |  1.1
Shapeshifting  | 1 |  1.2
Short Blades   | |  2.9
Dodging        | |  4.7
Hexes          | |  5.5

Action                     |  1- 3 |  4- 6 || total
---------------------------+-------+-------++-------
  Melee: Dagger            |    87 |    30 ||   117
         Bite              |     4 |     4 ||     8
         Punch             |       |     1 ||     1
   Cast: Ensorcelled Hiber |    14 |     5 ||    19
         Tukima's Dance    |       |     2 ||     2
    Use: Scroll            |     4 |     3 ||     7
   Stab: Sleeping          |    21 |    12 ||    33
 Armour: Robe              |    45 |     5 ||    50
         Leather armour    |       |     6 ||     6
  Dodge: Dodged            |    67 |     9 ||    76
